 Dungeon Crawl Stone Soup version 0.29-a0-653-gd47aff6735 (webtiles) character file.

Game seed: 14264192068719324902

273 omnomnOMINOUS the Cudgeller (level 6, 0/42 HPs)
             Began as an Octopode Wanderer on June 21, 2022.
             Was an Initiate of Yredelemnul.
             Killed from afar by an orc wizard (10 damage)
             ... with a puff of flame
             ... on level 3 of the Dungeon.
             The game lasted 00:04:01 (2603 turns).

omnomnOMINOUS the Cudgeller (Octopode Wanderer)     Turns: 2603, Time: 00:04:03

Health: 0/42       AC:  1    Str: 13    XL:     6   Next: 23%
Magic:  6/6        EV: 14    Int: 17    God:    Yredelemnul [......]
Gold:   177        SH:  0    Dex: 15    Spells: 5/5 levels left

rFire   . . .      SeeInvis .   a - +2 mace
rCold   . . .      Faith    .   (no shield)
rNeg    . . .      Spirit   .   (helmet restricted)
rPois   .          Reflect  .   h - amulet of the acrobat
rElec   .          Harm     .   m - +6 ring of dexterity
rCorr   .          Rampage  .   (no ring)
Will    .....                   (no ring)
Stlth   ++........              (no ring)
HPRegen 0.14/turn               (no ring)
MPRegen 0.10/turn               (no ring)
                                (no ring)
                                (no ring)

@: no status effects
A: almost no armour, amphibious, 8 rings, camouflage 1, gelatinous body 1,
(nimble swimmer 1), tentacles
a: Renounce Religion, Recall Undead Harvest


You were on level 3 of the Dungeon.
You worshipped Yredelemnul.
Yredelemnul was noncommittal.
You visited 1 branch of the dungeon, and saw 3 of its levels.

You collected 177 gold pieces.

Inventory:

Hand Weapons
 a - a +2 mace (weapon)
 b - a +0 shortbow
 j - a +0 whip of draining
Missiles
 c - 9 poisoned darts (quivered)
 i - 2 curare-tipped darts
Jewellery
 h - an amulet of the acrobat (around mantle)
 m - a +6 ring of dexterity (left tentacle)
Wands
 q - a wand of digging (7)
Scrolls
 d - a scroll of identify {unknown}
 f - a scroll of enchant weapon {unknown}
 l - a scroll of blinking {unknown}
 n - a scroll of brand weapon {unknown}
Potions
 e - 2 potions of brilliance
 g - a potion of invisibility
 p - a potion of flight


   Skills:
 + Level 3.4 Fighting
 + Level 5.2 Maces & Flails
 - Level 1.0 Bows
 - Level 3.0 Throwing
 + Level 3.1 Dodging
 + Level 1.0 Invocations
 - Level 1.1 Evocations


You had 5 spell levels left.
You didn't know any spells.
Your spell library contained the following spells:

 Spells                   Type           Power      Damage    Failure   Level
 Ensorcelled Hibernation  Hex/Ice        0%         N/A       34%         2
 Spider Form              Tmut/Pois      0%         N/A       56%         3
 Anguish                  Hex/Necr       0%         N/A       93%         4


Dungeon Overview and Level Annotations

Branches:
Dungeon (3/15)

Altars:
Dithmenos
Yredelemnul


Innate Abilities, Weirdness & Mutations

You cannot wear most types of armour.
You are amphibious.
You can wear up to eight rings at the same time.
Your skin changes colour to match your surroundings (Stealth+).
Your rubbery body absorbs attacks. (AC +1, EV +1)
((You are camouflaged when in or above water. (Stealth+)))
You have tentacles for arms and can constrict up to eight enemies at once.


Message History

Something hits you.
* * * LOW HITPOINT WARNING * * *
Your orc zombie barely misses the kobold.
It was a potion of invisibility.
You fade into invisibility!
You constrict the orc priest. Something hits you.
* * * LOW HITPOINT WARNING * * *
The orc priest barely misses you.
It was a potion of flight.
You feel very buoyant.
You fly up into the air.
You constrict the orc priest. Something hits you but does no damage.
The orc priest closely misses you.
Your orc zombie hits the kobold but does no damage.
It was a potion of cancellation.
Your magical effects are unravelling.
You feel magically purged.
You float gracefully downwards.
You flicker back into view.
You constrict the orc priest. The orc priest misses you. Something hits you.
* * * LOW HITPOINT WARNING * * *
Your orc zombie barely misses the kobold.
It was a potion of curing.
You feel better.
You constrict the orc priest.
The orc priest invokes the aid of Beogh against you.
You barely resist. Something hits you.
* * * LOW HITPOINT WARNING * * *
Your orc zombie hits the kobold but does no damage.
You hit the orc priest but do no damage.
The orc priest is almost dead.
You constrict the orc priest.
You kill the orc priest!
The dead are walking!
Something hits you.
* * * LOW HITPOINT WARNING * * *
Your orc zombie barely misses the kobold.
Your Invocations skill increases to level 1!
You barely miss something. Something hits you but does no damage.
Your orc zombie misses the kobold.
You hear some strange, mumbled words.
A puff of flame appears from out of thin air!
The puff of flame hits you!
You die...
Your body rises from the dead as a mindless zombie.

####### #.....#
###.....# #.......#
#######.###..## #.#
#Z@.....# ##.# #.#
#{####### #.## #..
#K# #..###.. .Z.
##### ##..##..
#...##...# ##.##.#
8...8#...######.##.#
##...##..............
#...##.....####.##..
#...##...#....#.###.


You could see a kobold (ally target), a friendly orc zombie and a friendly orc
priest zombie.

Vanquished Creatures
  Sigmund (D:2)
  An orc priest (D:3)
  An orc wizard (D:3)
  A worm (D:2)
  A dart slug (D:1)
  An orc (D:3)
  2 ball pythons (D:2)
  A bat (D:2)
  4 endoplasms
  5 giant cockroaches
  5 goblins
  6 hobgoblins
  4 jackals
  3 kobolds
  3 quokkas
  4 frilled lizards
  A goblin zombie (D:3)
  3 rats
47 creatures vanquished.

Vanquished Creatures (collateral kills)
  A hobgoblin (D:2)
  A ball python (D:1)
  2 rats (D:2)
4 creatures vanquished.

Vanquished Creatures (others)
  A bat zombie (D:2)
  A frilled lizard zombie (D:2)
  A hobgoblin zombie (D:2)
  A jackal zombie (D:2)
  3 fungi (D:1)
  2 plants (D:1)
9 creatures vanquished.

Grand Total: 60 creatures vanquished

Notes
Turn   | Place    | Note
-------+----------+-------------------------------------------
     0 | D:1      | omnomnOMINOUS the Octopode Wanderer began the quest for the
                  | Orb.
     0 | D:1      | omnomnOMINOUS set off with the following items: a +2 mace,
                  | a +0 shortbow, 9 poisoned darts, a +0 dagger, a potion of
                  | brilliance.
     0 | D:1      | Reached XP level 1. HP: 13/13 MP: 1/1
   259 | D:1      | Reached XP level 2. HP: 14/18 MP: 2/2
   418 | D:1      | Found a faded altar of an unknown god.
   425 | D:1      | Prayed at the altar of an unknown god.
   425 | D:1      | Became a worshipper of Yredelemnul the Dark
   425 | D:1      | Reached * piety under Yredelemnul
   476 | D:1      | Reached skill level 1 in Dodging
  1147 | D:1      | Reached ** piety under Yredelemnul
  1320 | D:1      | Reached XP level 3. HP: 24/24 MP: 3/3
  2167 | D:2      | Noticed Sigmund
  2172 | D:2      | Killed Sigmund
  2173 | D:2      | Reached skill level 5 in Maces & Flails
  2173 | D:2      | Reached XP level 4. HP: 19/31 MP: 4/4
  2173 | D:2      | Reached XP level 5. HP: 22/36 MP: 5/5
  2458 | D:3      | Found a shadowy altar of Dithmenos.
  2589 | D:3      | Reached XP level 6. HP: 39/42 MP: 6/6
  2603 | D:3      | Reached skill level 1 in Invocations
  2603 | D:3      | Killed from afar by an orc wizard

Illustrated notes

Levels and vault maps discovered:
D:1:      kilobyte_arrival_exit_the_forest, layout_basic,
          dreamdust_ecumenical_altar_hidden_monk_grotto, grunt_decor_fettered,
          minmay_indecisive_spiral
D:2:      layout_basic, uniq_sigmund
D:3:      layout_rooms, amcnicky_altar_gilded, gammafunk_temple_overflow_claw,
          serial_shops, nicolae_shop_competitors_out_of_business,
          serial_corexii_hall, chequers_hall_statues_corner_a,
          chequers_hall_statues_wall_a, corexii_hall_statues_x,
          chequers_hall_statues_y, chequers_serial_rivers_small_b

Skill      XL: |  1  2  3  4  5  6 |
---------------+-------------------+-----
Dodging        | 1 2 3 |  3.1
Fighting       | 3 |  3.4
Maces & Flails | 5 |  5.2
Invocations    | 1 |  1.0
Bows           | |  1.0
Throwing       | |  3.0
Evocations     | |  1.1

Action                   |  1- 3 |  4- 6 || total
-------------------------+-------+-------++-------
Melee: Mace              |    61 |    28 ||    89
       Constrict         |    15 |     5 ||    20
       Tentacles         |     7 |     5 ||    12
       Punch             |       |     1 ||     1
Invok: Recall Undead Har |     1 |       ||     1
  Use: Potion            |       |     4 ||     4
 Stab: Sleeping          |     3 |     5 ||     8
Armor: Skin              |     3 |     3 ||     6
Dodge: Dodged            |    42 |    15 ||    57

Table legend: (Time is in decaauts)
 A = Elapsed time spent in this place.
 B = Non-inter-level travel time spent in this place.
 C = Inter-level travel time spent in this place.
 D = Time resting spent in this place.
 E = Time spent auto-exploring this place.
 F = Levels seen in this place.
 G = Mean time per level.
                   A        B        C        D        E       F      G
               +--------+--------+--------+--------+--------+-----+--------+
         Total |   2616 |   2558 |     58 |      0 |   2236 |   3 |  872.0 |
       Dungeon |   2616 |   2558 |     58 |      0 |   2236 |   3 |  872.0 |
               +--------+--------+--------+--------+--------+-----+--------+

Top non-repeatable levels by time:
     D:1: 1461 daAuts
     D:2: 981 daAuts
     D:3: 173 daAuts
